 Dungeon Crawl Stone Soup version 0.20-a0-1078-g4874019 (webtiles) character file.

52 truemonolith the Magician (level 3, -2/19 HPs)
             Began as a Deep Elf Conjurer on Apr 30, 2017.
             Slain by a worm (3 damage)
             ... on level 2 of the Dungeon.
             The game lasted 00:04:33 (2090 turns).

truemonolith the Magician (Deep Elf Conjurer)       Turns: 2090, Time: 00:04:34

Health: -2/19      AC:  3    Str:  5    XL:     3   Next: 60%
Magic:  8/12       EV: 13    Int: 25    God:
Gold:   67         SH:  0    Dex: 15    Spells: 9/13 levels left

rFire    . . .     SeeInvis .   (no weapon)
rCold    . . .     Gourm    .   (no shield)
rNeg     . . .     Faith    .   a - +1 robe
rPois    .         Spirit   .   (no helmet)
rElec    .         Reflect  .   (no cloak)
rCorr    .         Harm     .   (no gloves)
MR       .....                  (no boots)
Stlth    ++........             (no amulet)
Regen    0.1/turn               d - +5 ring of intelligence
MPRegen  0.2/turn               (no ring)

@: no status effects
A: no striking features
a: no special abilities


You were on level 2 of the Dungeon.
You were not hungry.

You visited 1 branch of the dungeon, and saw 3 of its levels.

You collected 67 gold pieces.

Inventory:

Armour
 a - a +1 robe (worn)
Jewellery
 d - a +5 ring of intelligence (left hand)
Scrolls
 e - a scroll of identify {unknown}
 j - a scroll of immolation {unknown}
 m - a scroll of remove curse {unknown}
Potions
 f - a potion of might {unknown}
 g - a potion of mutation {unknown}
 i - 2 potions of heal wounds {unknown}
 l - a potion of agility {unknown}
 n - 2 potions of resistance {unknown}
Books
 b - a book of Conjurations

   Spells                             Type                      Level
   a - Magic Dart                     Conjuration                  1
   b - Searing Ray                    Conjuration                  2
   c - Dazzling Spray                 Conjuration/Hexes            3
   d - Fulminant Prism                Conjuration/Hexes            4
   e - Force Lance                    Conjuration/Translocation    4
   f - Iskenderun's Mystic Blast      Conjuration                  4
Comestibles
 c - 2 bread rations
 h - a royal jelly
 k - a meat ration


   Skills:
 - Level 2.4 Dodging
 - Level 2.4 Stealth
 + Level 5.5 Spellcasting
 - Level 4.3 Conjurations


You had 9 spell levels left.
You knew the following spells:

 Your Spells              Type           Power        Failure   Level  Hunger
a - Magic Dart            Conj           ####         1%          1    None
b - Dazzling Spray        Conj/Hex       ###...       10%         3    #......


Dungeon Overview and Level Annotations

Branches:
Dungeon (3/15)

Altars:

Annotations:
D:3 Shinoi's ghost, amateur OpCj


Message History

The worm is moderately wounded.
The worm bites you!
Ouch! That really hurt!
* * * LOW HITPOINT WARNING * * *
Casting: Magic Dart
Confirm with . or Enter, or press ? or * to list all spells.
Aiming: Magic Dart
Press: ? - help, Shift-Dir - straight line, f/p - worm
Aim: a worm (lightly wounded)
The magic dart hits the worm.
The worm is moderately wounded.
Casting: Magic Dart
Confirm with . or Enter, or press ? or * to list all spells.
Aiming: Magic Dart
Press: ? - help, Shift-Dir - straight line, f/p - worm
Aim: a worm (moderately wounded)
The magic dart hits the worm.
The worm is moderately wounded.
The worm bites you.
You die...

### #####.######### ####
#.............. ...#
#.###.###.....> ##.# ##.#####
#.####< ##.## ##.#.######.####.
#...#############.###.........(..
.....(.(......<.@## ##.####.###..
......#######..w## ##.....# #..
......# #.##.## ##.########..
......### #.#...###............
........# #.#..#.#..#########).
......#.# #>#..##.#.# #..
......#.# #.#..##.#.#########.#
##.##.#.# #.#..##.#...........#
...##.#.# #.#..##....##########


You could see a worm.

Vanquished Creatures
  An adder (D:2)
  A worm (D:2)
  3 dart slugs (D:2)
  2 leopard geckos
  2 bats
  4 giant cockroaches
  8 goblins
  2 hobgoblins (D:2)
  A ball python (D:1)
  3 frilled lizards
  2 kobolds (D:1)
  3 rats (D:1)
32 creatures vanquished.

Notes
Turn   | Place    | Note
-------+----------+-------------------------------------------
     0 | D:1      | truemonolith the Deep Elf Conjurer began the quest for the Orb.
     0 | D:1      | Reached XP level 1. HP: 10/10 MP: 6/6
   113 | D:1      | Reached XP level 2. HP: 14/15 MP: 1/8
   147 | D:1      | Reached skill level 4 in Spellcasting
  1224 | D:2      | Reached skill level 5 in Spellcasting
  1224 | D:2      | Reached XP level 3. HP: 12/19 MP: 4/11
  1719 | D:2      | Learned a level 3 spell: Dazzling Spray
  2065 | D:3      | Noticed Shinoi's ghost (amateur OpCj)
  2090 | D:2      | Slain by a worm

Vault maps used:
D:1:      matt_arrival_refuge, kennysheep_decorative_pillar
D:2:      first_bread, kennysheep_generic_room_12
D:3:      wad_river_or_something

Skill      XL: |  1  2 |
---------------+-------+-----
Spellcasting   | 5 |  5.5
Dodging        | |  2.4
Stealth        | |  2.4
Conjurations   | |  4.3

Action                   || total
-------------------------++-------
Melee: Unarmed           ||     2
 Cast: Magic Dart        ||    73
  Use: Scroll            ||     5
  Eat: Chunk             ||     3
Armor: Robe              ||     2
Dodge: Dodged            ||    14
